 Dungeon Crawl Stone Soup version 0.31-a0-995-g04711c9635 (webtiles) character file.

Game seed: 1995562535302631702

121 Azuregosa the Sneak (level 5, -2/39 HPs)
             Began as an Octopode Delver on Nov 6, 2023.
             Slain by an ogre
             ... wielding a +0 giant spiked club
              (18 damage)
             ... on level 3 of the Dungeon.
             The game lasted 00:06:30 (2787 turns).

Azuregosa the Sneak (Octopode Delver)               Turns: 2787, Time: 00:06:30

Health: -2/39      AC:  1    Str: 11    XL:     5   Next: 5%
Magic:  5/5        EV: 13    Int: 15    God:
Gold:   123        SH:  0    Dex: 13    Spells: 4/4 levels left

rFire   . . .        a - +0 spear
rCold   . . .        (no shield)
rNeg    . . .        (helmet restricted)
rPois   .            (no amulet)
rElec   .            (no ring)
rCorr   .            (no ring)
SInv    .            (no ring)
Will    .....        (no ring)
Stlth   ++++         (no ring)
HPRegen 0.26/turn    (no ring)
MPRegen 0.09/turn    (no ring)
                     (no ring)

%: no passive effects
@: no status effects
A: almost no armour, amphibious, 8 rings, camouflage 1, gelatinous body 1,
(nimble swimmer 1), tentacles
a: no special abilities


You were on level 3 of the Dungeon.
You visited 1 branch of the dungeon, and saw 5 of its levels.

You collected 123 gold pieces.

Inventory:

Hand Weapons
 a - a +0 spear (weapon)
 t - a +1 dagger of holy wrath
Missiles
 j - 2 poisoned darts
 m - 27 stones
Wands
 f - a wand of digging (3)
Scrolls
 b - a scroll of fog
 d - a scroll of fear
 g - 3 scrolls of immolation
 h - 2 scrolls of teleportation {unknown}
 i - a scroll of revelation
 l - 3 scrolls of identify {unknown}
 o - a scroll of poison {unknown}
 r - 2 scrolls of vulnerability {unknown}
 s - a scroll of noise {unknown}
Potions
 c - 2 potions of degeneration {unknown}
 e - a potion of haste
 k - a potion of invisibility {unknown}
 n - a potion of resistance {unknown}
 p - a potion of heal wounds {unknown}
 q - a potion of brilliance {unknown}
 u - a potion of cancellation {unknown}


   Skills:
 + Level 5.3 Fighting
 - Level 2.0 Polearms
 - Level 2.0 Dodging
 - Level 7.0 Stealth


You had 4 spell levels left.
You didn't know any spells.
Your spell library contained the following spells:

 Spells                   Type           Power      Damage    Failure   Level
 Sublimation of Blood     Necr           0%         N/A       38%         2
 Wereblood                Tmut           0%         N/A       38%         2
 Summon Hydra             Summ           0%         N/A       100%        7


Dungeon Overview and Level Annotations

Branches:
Dungeon (5/15)
 Temple: D:4-7

Altars:
Trog


Innate Abilities, Weirdness & Mutations

You cannot wear most types of armour.
You are amphibious.
You can wear up to eight rings at the same time.
Your skin changes colour to match your surroundings (Stealth+).
Your rubbery body absorbs attacks. (AC +1, EV +1)
((You are camouflaged when in or above water. (Stealth+)))
You have tentacles for arms and can constrict up to eight enemies at once.


Message History

You climb upwards.
There is a stone staircase leading down here.
You start resting.
Your extra speed is starting to run out.
You start resting.
You feel yourself slow down.
You start resting.
HP restored.
You climb downwards.
The quokka barely misses you. The quokka closely misses you.
There is a stone staircase leading up here.
You hit the quokka.
You kill the quokka!
Done exploring.
Things that are here:
a +0 leather armour; a +0 short sword
There is a stone staircase leading down here.
Reach: a) +0 spear
Press: ? - help, Dir - move target, f - ogre
Aim: an ogre, wielding a +0 giant spiked club (wandering, hasn't noticed you, about 23% to evade your +0 spear)
You reach to attack!
The ogre shouts!
You hit the ogre.
The ogre is lightly wounded.
You hit the ogre.
The ogre is moderately wounded.
The ogre hits you with a +0 giant spiked club!!
Ouch! That really hurt!
You completely miss the ogre. You squeeze the ogre.
The ogre is heavily wounded.
The ogre closely misses you.
You closely miss the ogre. You squeeze the ogre.
The ogre is heavily wounded.
You hit the ogre but do no damage.
The ogre is heavily wounded.
The ogre closely misses you.
You hit the ogre. You squeeze the ogre.
The ogre is almost dead.
The ogre hits you with a +0 giant spiked club!!
You die...

....#.._..#...#### ##.##...#.###
........##....# #.###.##.###
..##.##.#.....#### #.....##....
.................## ##.######.###
...#..#.....#.....###.#.## #[###
..#.##.'.#.........#.###.## #....
....................## ##.# #.###
...###...###.......#.###.####.###
##.# ###.# ##...@.#...#..........
#.# #.# ##.O.##.##.#.####.##. #.#
#.# #..###.####.####.##.
#.#####.#####..##......#........
#..............##..####.###.####
#######.#####>###..# #.# #.# #.#
#.# #..# #.# #.# ######.#
#.###..####.# #.# #......#
#......>....# #.####


You could see an ogre.

Vanquished Creatures
  A sleepcap (D:3)
  4 adders
  4 orcs
  5 ball pythons
  4 endoplasms
  2 giant cockroaches (D:1)
  5 goblins
  6 hobgoblins
  4 kobolds
  3 quokkas
  6 bats
  3 frilled lizards
  4 rats
51 creatures vanquished.

Vanquished Creatures (others)
  An arcanist (D:3)
1 creature vanquished.

Grand Total: 52 creatures vanquished

Notes
Turn   | Place    | Note
-------+----------+-------------------------------------------
     0 | D:5      | Azuregosa the Octopode Delver began the quest for the Orb.
     0 | D:5      | Reached XP level 1. HP: 16/16 MP: 1/1
    25 | D:5      | Noticed an iguana
   110 | D:3      | Found a bloodstained altar of Trog.
   111 | D:3      | Noticed an arcanist
   117 | D:3      | Killed an arcanist
   179 | D:2      | Reached skill level 7 in Stealth
   247 | D:2      | Reached XP level 2. HP: 21/21 MP: 2/2
   628 | D:1      | Reached XP level 3. HP: 19/27 MP: 3/3
  1759 | D:2      | Reached XP level 4. HP: 34/34 MP: 4/4
  1899 | D:3      | Found a faded altar of an unknown god.
  2090 | D:3      | Reached skill level 5 in Fighting
  2090 | D:3      | Reached XP level 5. HP: 18/39 MP: 5/5
  2525 | D:4      | Noticed an ogre
  2787 | D:3      | Slain by an ogre

Illustrated notes

Levels and vault maps discovered:
D:1:      scummos_arrival_gate, layout_basic
D:2:      layout_basic
D:3:      layout_loops_ring, trog_wizard, hellmonk_ecumenical_altar_blasted,
          minivault_24
D:4:      layout_rooms, grunt_temple_overflow_open, minmay_temple_entry_poolview
D:5:      layout_loops_cross, serial_shops, nicolae_shop_advertising_works
          [nicolae_subvault_shop_adworks], uniq_edmund, uniq_eustachio

Skill      XL: |  1  2  3  4 |
---------------+-------------+-----
Stealth        | 7 |  7.0
Fighting       | 4 5 |  5.3
Polearms       | |  2.0
Dodging        | |  2.0

Action                     |  1- 3 |  4- 6 || total
---------------------------+-------+-------++-------
  Melee: Spear             |    70 |    58 ||   128
         Constrict         |    15 |     9 ||    24
         Tentacles         |    11 |    19 ||    30
         Punch             |     1 |       ||     1
    Use: Scroll            |     1 |       ||     1
         Potion            |       |     1 ||     1
   Stab: Sleeping          |    17 |     3 ||    20
 Armour: Skin              |    17 |    29 ||    46
  Dodge: Dodged            |    34 |    51 ||    85

Table legend: (Time is in decaauts)
 A = Elapsed time spent in this place.
 B = Non-inter-level travel time spent in this place.
 C = Inter-level travel time spent in this place.
 D = Time resting spent in this place.
 E = Time spent auto-exploring this place.
 F = Levels seen in this place.
 G = Mean time per level.
                   A        B        C        D        E       F      G
               +--------+--------+--------+--------+--------+-----+--------+
         Total |   2768 |   2684 |     84 |    323 |   1675 |   5 |  553.6 |
       Dungeon |   2768 |   2684 |     84 |    323 |   1675 |   5 |  553.6 |
               +--------+--------+--------+--------+--------+-----+--------+

Top non-repeatable levels by time:
     D:2: 1051 daAuts
     D:3: 930 daAuts
     D:1: 739 daAuts
     D:5: 32 daAuts
     D:4: 14 daAuts
